 Dungeon Sprint DCSS version 0.30-a0-760-g5a9884bb7c (webtiles) character file.

Game seed: 8649694814390682345

1227 octoduck the Severer (level 8, -9/64 HPs)
             Began as a Minotaur Fighter on Feb 11, 2023.
             Mangled by Osmiqai the pandemonium lord (20 damage)
             ... in the Dungeon (Sprint V: "Ziggurat Sprint").
             The game lasted 00:08:01 (326 turns).

octoduck the Severer (Minotaur Fighter)              Turns: 326, Time: 00:08:01

Health: -9/64      AC: 28    Str: 33 (34) XL:     8   Next: 23%
Magic:  7/7        EV:  2    Int:  5      God:
Gold:   0          SH: 29    Dex: 11      Spells: 7/7 levels left

rFire   + . .      SeeInvis +    L - +16 obsidian axe {drain, demonic, Mesm Drain Fly SInv}
rCold   + . .      Faith    .    N - +18 shield of the Gong {Loud rN+ Will+ rCorr EV-5}
rNeg    + . .      Spirit   .    M - +15 Maxwell's patent armour {-Cast -Tele rElec Will+ rCorr}
rPois   +          Reflect  .    (helmet restricted)
rElec   +          Harm     .    (no cloak)
rCorr   +          Rampage  .    (no gloves)
Will    ++...      NoTele   +    (no boots) Stlth NoCast +
                                 (no amulet)
HPRegen 0.30/turn                y - +6 ring of strength
MPRegen 0.10/turn                z - +6 ring of strength

@: mighty, resistant, flying, mesmerised, hasted, invisible, very quick
A: horns 2, retaliatory headbutt
a: no special abilities


You were in the Dungeon.
You visited 1 branch

Inventory:

Hand Weapons
 I - a +5 battleaxe
 K - a +5 executioner's axe
 L - the +16 obsidian axe (weapon) {drain, demonic, Mesm Drain Fly SInv}
   (You found it in the Dungeon)

   Mesm:      Its wielder is mesmerised by any visible foes, and it cannot be
   unequipped while any foes are visible.
   SInv:      It lets you see invisible.
   Fly:       It grants you flight.
   Drain:     It drains your maximum health when unequipped.
Armour
 D - a +5 crystal plate armour
 E - +5 gold dragon scales
 M - the +15 Maxwell's patent armour (worn) {-Cast -Tele rElec Will+ rCorr}
   (You found it in the Dungeon)

   rElec:     It insulates you from electricity.
   -Cast:     It prevents spellcasting.
   -Tele:     It prevents most forms of teleportation.
   rCorr:     It protects you from acid and corrosion.
   Will:      It increases your willpower.
 N - the +18 shield of the Gong (worn) {Loud rN+ Will+ rCorr EV-5}
   (You found it in the Dungeon)

   Loud:      It is deafeningly noisy when blocking attacks.
   EV:        It affects your evasion (-5).
   rN:        It protects you from negative energy.
   rCorr:     It protects you from acid and corrosion.
   Will:      It increases your willpower.
Jewellery
 t - a ring of flight
 u - a +6 ring of dexterity
 v - a +6 ring of dexterity
 w - a +6 ring of intelligence
 x - a +6 ring of intelligence
 y - a +6 ring of strength (left hand)
 z - a +6 ring of strength (right hand)
Wands
 A - a wand of mindburst (7)
 B - a wand of iceblast (7)
 C - a wand of light (7)
Scrolls
 j - 4 scrolls of blinking
 o - 4 scrolls of amnesia
 p - 8 scrolls of fog
 q - 5 scrolls of identify
 r - 2 scrolls of fear
Potions
 d - 6 potions of might
 e - 10 potions of curing
 f - 8 potions of heal wounds
 g - 4 potions of haste
 h - 7 potions of magic
 i - 2 potions of berserk rage
 k - 2 potions of brilliance
 l - a potion of invisibility
 m - 3 potions of resistance
Miscellaneous
 b - a tin of tremorstones (2/2)
 c - a box of beasts
 s - a lightning rod (4/4)


   Skills:
 - Level 3.6 Fighting
 * Level 18.2 Axes
 - Level 8.0 Armour
 + Level 10.0 Shields


You had 7 spell levels left.
You didn't know any spells.
Your spell library contained the following spells:

 Spells                   Type           Power      Damage    Failure   Level
 Freeze                   Ice            0%         1d3       100%        1
 Magic Dart               Conj           0%         1d3       100%        1
 Sting                    Tmut/Pois      0%         1d3       100%        1
 Call Imp                 Summ           0%         N/A       100%        2
 Sublimation of Blood     Necr           0%         N/A       100%        2
 Frozen Ramparts          Ice            0%         1d1       100%        3
 Hailstorm                Conj/Ice       0%         3d3       100%        3
 Ignite Poison            Fire/Tmut/Pois 0%         N/A       100%        3
 Inner Flame              Hex/Fire       0%         N/A       100%        3
 Kindle Blastsparks       Fire/Tloc/Air  0%         2d10      100%        3
 Mephitic Cloud           Conj/Pois/Air  0%         N/A       100%        3
 Cause Fear               Hex            0%         N/A       100%        4
 Fireball                 Conj/Fire      0%         3d3       100%        5
 Freezing Cloud           Conj/Ice/Air   0%         6-21      100%        5
 Iskenderun's Battlesphe  Conj           0%         2d6       100%        5
 Discord                  Hex            0%         N/A       100%        8


Dungeon Overview and Level Annotations

Branches:
Dungeon (1/1)

Altars:
Ashenzari
Cheibriados
Dithmenos
Elyvilon
Fedhas
Gozag
Hepliaklqana
Kikubaaqudgha
Makhleb
Nemelex Xobeh
Okawaru
Qazlal
Ru
Sif Muna
Trog
Uskayaw
Vehumet
Wu Jian
Xom
Yredelemnul
Zin
The Shining One
Jiyva
Lugonu

Annotations:
D 1 transporter


Innate Abilities, Weirdness & Mutations

You have a pair of horns on your head.
You reflexively headbutt those who attack you in melee.


Message History

A transporter landing site, spattered with blood.
There is a cloud of freezing vapour here.
Visions of slaying Wutoesh flood into your mind.
Wutoesh hits you!!
* * * LOW HITPOINT WARNING * * *
You feel weakened. You block Osmiqai's attack.
GONNNNG!
You block Wutoesh's attack.
PTOANNNG!
You feel much better.
Visions of slaying Osmiqai flood into your mind.
You are engulfed in freezing vapours.
You resist. You block Osmiqai's attack.
SHROANNG!
Liajolon hits you!
* * * LOW HITPOINT WARNING * * *
Liajolon freezes you.
* * * LOW HITPOINT WARNING * * *
Wutoesh sneers, "Embrace thy failure, thou peeagling full-gorged flap-bat!"
You block Wutoesh's attack.
PANG!
You feel much better.
Visions of slaying Wutoesh flood into your mind.
You are engulfed in freezing vapours.
You resist. You block Osmiqai's attack.
PANG!
Liajolon hits you!!
* * * LOW HITPOINT WARNING * * *
Liajolon freezes you.
* * * LOW HITPOINT WARNING * * *
Wutoesh hits you but does no damage.
You fade into invisibility!
Visions of slaying Osmiqai flood into your mind.
You are engulfed in freezing vapours.
You resist.
* * * LOW HITPOINT WARNING * * *
You block Osmiqai's attack.
PTOANNNG!
You block Wutoesh's attack.
GONNNNG!
Liajolon hits you but does no damage. Osmiqai hits you!!
You die...

▓..©..▓..©..▓▓▓▓▓▓▓
▓▓▓▓▓▓▓▓▓▓▓▓▓▓▓▓▓▓▓
▓..8©8...▓..8©8...▓
▓........▓..:)|...▓
▓........▓..=.}...▓
▓........▓........▓
▓........▓.°°.....▓
▓.▓.†..▓.▓.▓○&&.▓.▓
▓...©....▓..°&@...▓
▓▓▓▓▓▓▓▓▓▓▓▓▓▓▓▓▓▓▓


You could see Liajolon (clouds), Osmiqai (mesmerising) and Wutoesh.

Vanquished Creatures
  A large abomination (D)
  A fire elemental (D)
  3 hell hounds (D)
  2 phantoms (D)
  A crimson imp (D)
  A quasit (D)
  2 orc priests (D)
  A small abomination (D)
  An orc wizard (D)
  A shadow imp (D)
14 creatures vanquished.

Vanquished Creatures (others)
  A white imp (D)
1 creature vanquished.

Grand Total: 15 creatures vanquished

Notes
Turn   | Place    | Note
-------+----------+-------------------------------------------
     0 | D        | octoduck the Minotaur Fighter began the quest for the Orb.
     0 | D        | Reached XP level 1. HP: 19/19 MP: 0/0
     0 | D        | Found a shimmering blue altar of Sif Muna.
     0 | D        | Found a sacrificial altar of Ru.
     0 | D        | Found a bloodstained altar of Trog.
     0 | D        | Found a stormy altar of Qazlal.
     0 | D        | Found an iron altar of Okawaru.
     0 | D        | Found a sparkling altar of Nemelex Xobeh.
     0 | D        | Found a blossoming altar of Fedhas.
     0 | D        | Found the +6 Majin-Bo {spellvamp, MP+6 Int+6}
     0 | D        | Found the +27 heavy crossbow "Sniper" {heavy, Acc+∞ SInv}
     0 | D        | Found the +10 dark maul {heavy}
     0 | D        | Found the +15 Maxwell's patent armour {-Cast -Tele rElec
                  | Will+ rCorr}
     0 | D        | Found the +18 shield of the Gong {Loud rN+ Will+ rCorr
                  | EV-5}
     0 | D        | Found the +16 obsidian axe {drain, demonic, Mesm Drain Fly
                  | SInv}
     0 | D        | Found the +7 great mace "Firestarter" {flame, inner flame,
                  | rFlCloud rF++}
     0 | D        | Found the +6 shillelagh "Devastator" {shatter}
     0 | D        | Found the +11 plutonium sword {Contam Stlth-}
     0 | D        | Found the +8 lance "Wyrmbane" {slay drac, rPois rF+ rC+
                  | AC+3}
     0 | D        | Found the +9 sword of Zonguldrok {reap}
     0 | D        | Found the +13 scythe of Curses {drain, curses, Drain}
     0 | D        | Found the +9 sword of Power {lifebolt}
     0 | D        | Found the +7 mace of Variability {chaos, chain chaos}
     0 | D        | Found the +11 Singing Sword {sonic wave}
     0 | D        | Found the +8 storm bow {elec, penet}
     2 | D        | Found a transporter.
     2 | D        | Found an ancient bone altar of Kikubaaqudgha.
     2 | D        | Found a viscous altar of Jiyva.
     2 | D        | Found a corrupted altar of Lugonu.
     2 | D        | Found a hazy altar of Hepliaklqana.
     2 | D        | Found a burning altar of Makhleb.
     2 | D        | Found an opulent altar of Gozag.
    50 | D        | Reached skill level 9 in Axes
    50 | D        | Reached XP level 2. HP: 26/26 MP: 1/1
   102 | D        | Entered arena 2.
   102 | D        | Noticed a phantom
   102 | D        | Noticed a phantom
   102 | D        | Found a transporter.
   107 | D        | Killed a phantom
   108 | D        | Reached skill level 11 in Axes
   108 | D        | Reached skill level 5 in Armour
   108 | D        | Reached XP level 3. HP: 24/31 MP: 2/2
   108 | D        | Reached XP level 4. HP: 30/39 MP: 3/3
   108 | D        | Killed a phantom
   109 | D        | Reached skill level 12 in Axes
   109 | D        | Reached XP level 5. HP: 35/45 MP: 4/4
   118 | D        | Entered arena 3.
   118 | D        | Found a transporter.
   124 | D        | Reached skill level 13 in Axes
   244 | D        | Entered arena 4.
   244 | D        | Noticed a large abomination
   244 | D        | Found a transporter.
   250 | D        | Reached XP level 6. HP: 51/51 MP: 5/5
   250 | D        | Killed a large abomination
   251 | D        | Reached skill level 16 in Axes
   251 | D        | Reached XP level 7. HP: 57/57 MP: 6/6
   262 | D        | Got the Atlas of Evil Shapes
   287 | D        | Entered arena 5.
   287 | D        | Noticed a fire elemental
   287 | D        | Found a transporter.
   292 | D        | Reached skill level 17 in Axes
   292 | D        | Killed a fire elemental
   293 | D        | Reached skill level 18 in Axes
   293 | D        | Reached XP level 8. HP: 62/64 MP: 7/7
   298 | D        | Got the Teachings on Lethal Fumes
   308 | D        | Entered arena 6.
   308 | D        | Noticed Osmiqai the pandemonium lord
   308 | D        | Noticed Wutoesh the pandemonium lord
   308 | D        | Noticed Liajolon the pandemonium lord
   308 | D        | Found a transporter.
   321 | D        | Reached skill level 10 in Shields
   326 | D        | Mangled by Osmiqai the pandemonium lord

Illustrated notes

Levels and vault maps discovered:
D:        sprint_v [room_start, room_1, room_2, room_3, room_4, room_5, room_6,
          room_7, room_8, room_9, room_10, room_11, room_12, room_13, room_14,
          room_15, room_16, room_17, room_18, room_19, room_20, room_21,
          room_22, room_23, room_24, room_25, room_26, room_27]

Skill      XL: |  1  2  3  4  5  6  7  8 |
---------------+-------------------------+-----
Axes           | 9 11 12 13 16 18 | 18.2
Armour         | 5 7 8 |  8.0
Shields        | 4 8 9 10 | 10.0
Fighting       | |  3.6

Action                     |  1- 3 |  4- 6 |  7- 9 || total
---------------------------+-------+-------+-------++-------
  Melee: War axe           |     4 |     5 |       ||     9
         Headbutt          |     1 |     1 |       ||     2
         Broad axe         |       |     4 |    18 ||    22
    Use: Potion            |     1 |     2 |     6 ||     9
 Armour: Plate armour      |     3 |     8 |    14 ||    25
  Dodge: Dodged            |     1 |     1 |     1 ||     3
  Block: Buckler           |     2 |     2 |       ||     4
         Kite shield       |       |       |    36 ||    36

Table legend: (Time is in decaauts)
 A = Elapsed time spent in this place.
 B = Non-inter-level travel time spent in this place.
 C = Inter-level travel time spent in this place.
 D = Time resting spent in this place.
 E = Time spent auto-exploring this place.
 F = Levels seen in this place.
 G = Mean time per level.
                   A        B        C        D        E       F      G
               +--------+--------+--------+--------+--------+-----+--------+
         Total |    309 |    306 |      3 |    101 |      0 |   1 |  309.0 |
       Dungeon |    309 |    306 |      3 |    101 |      0 |   1 |  309.0 |
               +--------+--------+--------+--------+--------+-----+--------+

Top non-repeatable levels by time:
       D: 309 daAuts
